 Dungeon Crawl Stone Soup version 0.19.5 (webtiles) character file.

18536 Azzok the Markscentaur (level 12, -11/175 HPs)
             Began as a Centaur Berserker on June 10, 2017.
             Was an Elder of Trog.
             Mangled by a phantasmal warrior (22 damage)
             ... led by a death knight
             ... on level 11 of the Dungeon.
             The game lasted 00:32:35 (17045 turns).

Azzok the Markscentaur (Centaur Berserker)         Turns: 17045, Time: 00:32:36

Health: -11/175    AC:  9    Str: 29    XL:     12   Next: 28%
Magic:  12/12      EV:  5    Int:  6    God:    Trog [****..]
Gold:   268        SH:  0    Dex: 10    Spells: 0 memorised, 11 levels left

rFire  + . .     SeeInvis .     a - +11 dagger "Izunaw" {freeze, *Rage rElec rPois rF+}
rCold  + . .     Gourm    .     i - +0 plate armour
rNeg   . . .     Faith    .     (no shield)
rPois  +         Spirit   .     (no helmet)
rElec  +         Reflect  .     I - +0 cloak
rCorr  +         Harm     .     (no gloves)
MR     .....     Rnd*Rage +     (no barding)
Stlth  ..........               (no amulet)
                                F - ring of protection from cold
                                y - ring of resist corrosion

@: berserking, vulnerable, very quick
A: hooves 3, deformed body, speed 2, tough skin 3
a: Berserk, Trog's Hand, Brothers in Arms, Burn Spellbooks, Renounce Religion


You were on level 11 of the Dungeon.
You worshipped Trog.
Trog was greatly pleased with you.
You were hungry.

You visited 1 branch of the dungeon, and saw 12 of its levels.

You collected 268 gold pieces.

Inventory:

Hand Weapons
 a - the +11 dagger "Izunaw" (weapon) {freeze, *Rage rElec rPois rF+}
   (You took it off a crimson imp on level 8 of the Dungeon)

   It has been specially enchanted to freeze those struck by it, causing extra
   injury to most foes and up to half again as much damage against particularly
   susceptible opponents.
   It can also slow down cold-blooded creatures.
   It protects you from fire.
   It insulates you from electricity.
   It protects you from poison.
   It may make you go berserk in combat.
 b - a +2 longbow of freezing
 K - a +5 spear of venom
Missiles
 w - 250 arrows
Armour
 i - a +0 plate armour (worn)
 I - a +0 cloak (worn)
Jewellery
 x - an uncursed ring of ice
 y - a ring of resist corrosion (left hand)
 F - a ring of protection from cold (right hand)
Wands
 r - a wand of digging (5/24)
 s - a wand of lightning (8/15)
 A - a wand of confusion (19/48)
 O - a wand of iceblast (10/15)
 P - a wand of teleportation (5/9)
Scrolls
 f - 2 scrolls of immolation
 g - 4 scrolls of remove curse
 j - 2 scrolls of blinking
 k - 3 scrolls of recharging
 l - a scroll of identify
 E - a scroll of fear {unknown}
 H - a scroll of magic mapping {unknown}
 J - a scroll of amnesia
 N - a scroll of holy word {unknown}
 S - a scroll of fog {unknown}
Potions
 d - 2 potions of lignification {unknown}
 e - 2 potions of cancellation {unknown}
 h - 6 potions of flight {unknown}
 m - 2 potions of magic {unknown}
 o - 3 potions of degeneration {unknown}
 p - a potion of agility {unknown}
 t - 2 potions of mutation {unknown}
 u - a potion of berserk rage {unknown}
 v - a potion of heal wounds {unknown}
 z - 2 potions of curing
 B - a potion of cure mutation {unknown}
 C - 3 potions of might {unknown}
 D - 2 potions of resistance {unknown}
 G - 2 potions of brilliance {unknown}
Comestibles
 c - 3 bread rations {@e1}
 n - 4 meat rations {@e2}
 q - 3 fruits
 L - a slice of pizza
 M - a royal jelly
 Q - 5 chunks of flesh {@w0}
 R - a beef jerky


   Skills:
 - Level 14.0 Fighting
 - Level 2.6 Polearms
 + Level 17.6 Bows
 - Level 1.3 Armour
 - Level 1.3 Dodging


You had 11 spell levels left.
You didn't know any spells.

Dungeon Overview and Level Annotations

Branches:
Dungeon (12/15)            Temple (0/1) D:5            Lair (0/6) D:10
    Orc: D:9-12

Altars:
Ashenzari
Cheibriados
Gozag
Kikubaaqudgha
Makhleb
Nemelex Xobeh
Sif Muna
Trog
Xom
Yredelemnul
The Shining One

Shops:
D:6 [   D:10 %

Annotations:
D:11 Azzok's ghost, journeyman CeFi; Harold
D:12 exclusion: obsidian statue


Innate Abilities, Weirdness & Mutations

You have hooves in place of feet.
Armour fits poorly on your strangely shaped body.
You cover ground very quickly.
You have extremely tough skin. (AC +3)


Message History

The arrow freezes the phantasmal warrior.
The phantasmal warrior is severely damaged.
The phantasmal warrior hits you!!
* * * LOW HITPOINT WARNING * * *
You take 34 damage, and have 23/117 hp.
MASSIVE DAMAGE!!
Firing (i - inventory):
w - 250 arrows (quivered)
Press: ? - help, Shift-Dir - straight line, f/p - phantasmal warrior
Aim: a phantasmal warrior (severely damaged)
Okay, then.
Your +2 longbow of freezing stops glowing.
The +11 dagger "Izunaw" {freeze, *Rage rElec rPois rF+} glows with a cold blue light!
a - the +11 dagger "Izunaw" (weapon)
{freeze, *Rage rElec rPois rF+} The phantasmal warrior hits you!
* * * LOW HITPOINT WARNING * * *
You take 16 damage, and have 7/117 hp.
A red film seems to cover your vision as you go berserk!
You feel yourself moving faster!
You feel mighty!
You are feeling hungry.
The phantasmal warrior hits you!!
You die...

▒·······▒···············
▒·▒▒▒·········)·········
▒············n·····C····
▒▒▒▒·······)··)·········
▒▒▒▒▒▒▒·▒·▒▒▒)············
▒····))·▒·▒ ▒·(···▒▒▒'▒▒)▒
▒▒·▒▒▒▒▒▒·▒ ▒··(··▒ ·▒ ▒
▒·▒····▒·▒▒▒▒'▒▒▒▒▒▒·▒
▒·▒·▒▒·▒W@((····(·····
▒·▒·▒▒·▒▒▒▒▒▒(▒▒▒▒▒▒▒▒
▒·▒·▒▒·▒ ▒···
▒·▒·▒▒·▒▒▒▒▒▒▒▒▒▒
▒·▒···········▒
▒·▒▒▒▒·▒▒▒▒▒▒·▒ ▒·▒ ▒·▒
▒·▒ ▒·▒ ▒·▒ ▒·▒ ▒·▒ ▒·▒
▒·▒


You could see a phantasmal warrior.

Vanquished Creatures
  Josephine (D:11)
  Fannar (D:11)
  An ogre mage (D:8)
  A death knight (D:11)
  A glowing orange brain (D:8)
  An unseen horror (D:11)
  A hill giant (D:11)
  A wolf spider (D:8)
  3 ugly things
  3 cyclopes
  2 centaur zombies
  The ghost of Azzok the Skirmisher, a novice CeFi of Okawaru (D:6)
  A spiny frog (D:10)
  2 kobold demonologists (D:11)
  A meliai (shapeshifter) (D:11)
  A slime creature (D:12)
  Prince Ribbit (D:6)
  2 hippogriffs
  A blink frog (D:10)
  A shadow (D:11)
  A spriggan (D:7)
  5 wraiths (D:11)
  A hungry ghost (D:10)
  Eustachio (D:8)
  11 yaks (D:10)
  Menkaure (D:7)
  2 water moccasins
  2 orc warriors
  2 necrophages
  4 sky beasts
  A black bear (D:9)
  A phantom (D:10)
  2 ice beasts
  7 ogres
  3 centaurs
  A big kobold (D:8)
  A crocodile (D:8)
  Blork the orc (D:6)
  11 bullfrogs
  A wyvern zombie (D:9)
  A scorpion (D:11)
  8 killer bees
  9 wights
  5 howler monkeys (D:9)
  4 crimson imps
  A bullfrog zombie (D:6)
  A quasit (D:8)
  7 hounds
  A jelly (D:8)
  A gnoll shaman (D:8)
  9 orc priests
  2 centaur skeletons
  6 orc wizards
  2 bullfrog skeletons
  2 iguanas
  4 worker ants
  A bullfrog simulacrum (D:8)
  2 hound skeletons
  2 worker ant zombies
  7 gnolls
  12 adders
  A shadow imp (D:10)
  2 adder zombies
  A worm (D:3)
  A dart slug (D:2)
  4 leopard geckos
  28 orcs
  2 ball pythons
  3 giant cockroaches (D:3)
  4 goblins
  14 hobgoblins
  7 jackals
  15 kobolds
  4 quokkas
  4 bats
  5 frilled lizards
  A leopard gecko skeleton (D:4)
  3 quokka skeletons
  A quokka zombie (D:5)
  7 rats
280 creatures vanquished.

Notes
Turn   | Place    | Note
-------+----------+-------------------------------------------
     0 | D:1      | Azzok the Centaur Berserker began the quest for the Orb.
     0 | D:1      | Reached XP level 1. HP: 19/19 MP: 1/1
   317 | D:1      | Reached XP level 2. HP: 26/26 MP: 2/2
   884 | D:2      | Reached ** piety under Trog
  1046 | D:2      | Reached XP level 3. HP: 33/33 MP: 3/3
  1592 | D:2      | Reached XP level 4. HP: 37/41 MP: 4/4
  1625 | D:2      | Reached skill level 5 in Fighting
  2639 | D:3      | Found a sparkling altar of Nemelex Xobeh.
  2755 | D:3      | Reached *** piety under Trog
  2759 | D:3      | Reached XP level 5. HP: 50/50 MP: 5/5
  3242 | D:4      | Noticed an ogre
  3249 | D:4      | Killed an ogre
  3249 | D:4      | Reached XP level 6. HP: 60/60 MP: 6/6
  3683 | D:4      | Reached XP level 7. HP: 54/68 MP: 7/7
  4317 | D:5      | Entered Level 5 of the Dungeon
  4890 | D:5      | Reached skill level 1 in Bows
  4991 | D:5      | Found a burning altar of Makhleb.
  5001 | D:5      | Reached skill level 2 in Bows
  5001 | D:5      | Reached XP level 8. HP: 79/79 MP: 8/8
  5032 | D:5      | Reached skill level 3 in Bows
  5110 | D:5      | Found a staircase to the Ecumenical Temple.
  5152 | D:5      | Reached skill level 10 in Fighting
  5396 | D:5      | Reached **** piety under Trog
  5699 | D:5      | Found a snail-covered altar of Cheibriados.
  5699 | D:5      | Found an opulent altar of Gozag.
  5816 | D:6      | Noticed Blork the orc
  5816 | D:6      | Noticed Azzok's ghost (novice CeFi)
  5823 | D:6      | Killed Blork the orc
  5823 | D:6      | Reached skill level 4 in Bows
  5831 | D:6      | Killed Azzok's ghost
  5831 | D:6      | Reached skill level 5 in Bows
  5894 | D:6      | Noticed Prince Ribbit
  5904 | D:6      | Killed Prince Ribbit
  5908 | D:6      | Reached XP level 9. HP: 52/89 MP: 9/9
  6185 | D:6      | Reached skill level 6 in Bows
  6483 | D:6      | Noticed Eustachio
  7321 | D:6      | Found Moxaepn's Antique Armour Shop.
  7565 | D:7      | Noticed Menkaure
  7570 | D:7      | Killed Menkaure
  7570 | D:7      | Received a gift from Trog
  7570 | D:7      | Reached skill level 7 in Bows
  7994 | D:7      | Found a bloodstained altar of Trog.
  8530 | D:7      | Found a basalt altar of Yredelemnul.
  8533 | D:7      | Found a shimmering altar of Xom.
  8533 | D:7      | Found a shattered altar of Ashenzari.
  8534 | D:7      | Found a deep blue altar of Sif Muna.
  8535 | D:7      | Found an ancient bone altar of Kikubaaqudgha.
  8873 | D:8      | Reached skill level 8 in Bows
  9230 | D:8      | Killed Eustachio
  9683 | D:8      | Noticed a cyclops
  9684 | D:8      | Noticed a red ugly thing
  9688 | D:8      | Killed a cyclops
  9688 | D:8      | Reached XP level 10. HP: 100/100 MP: 10/10
  9696 | D:8      | Killed a red ugly thing
  9696 | D:8      | Reached skill level 9 in Bows
 10098 | D:8      | Noticed a cyclops
 10118 | D:8      | Killed a cyclops
 10357 | D:8      | Noticed a glowing orange brain
 10365 | D:8      | Killed a glowing orange brain
 10438 | D:8      | Noticed a wolf spider
 10450 | D:8      | Killed a wolf spider
 10454 | D:8      | Reached skill level 10 in Bows
 10579 | D:8      | Noticed a white ugly thing
 10581 | D:8      | HP: 3/101 [white ugly thing (29)]
 11430 | D:8      | Noticed an ogre mage
 11444 | D:8      | Killed an ogre mage
 11562 | D:8      | Killed a white ugly thing
 11562 | D:8      | Reached skill level 11 in Bows
 12090 | D:8      | Got a brightly glowing dagger {freeze}
 12102 | D:8      | Got a shimmering mace
 12111 | D:8      | Got an ebony short sword
 12151 | D:8      | Identified the +11 dagger "Izunaw" {freeze, *Rage rElec rPois rF+} (You took it off a crimson imp on level 8 of the Dungeon)
 12152 | D:8      | Identified the cursed +0 short sword of Pyvokhy {pierce, Str+2} (You found it on level 8 of the Dungeon)
 12154 | D:8      | Identified the +1 mace "Niwuiraj" {venom, rPois rF++ Int-2} (You found it on level 8 of the Dungeon)
 12188 | D:8      | Received a gift from Trog
 12546 | D:9      | Found a glowing golden altar of the Shining One.
 12730 | D:9      | Reached XP level 11. HP: 105/110 MP: 11/11
 13359 | D:9      | You fall through a shaft for 3 floors!
 13359 | D:12     | Noticed an obsidian statue
 13363 | D:12     | Noticed a sun demon
 13380 | D:12     | Reached skill level 12 in Bows
 13652 | D:12     | Noticed an eight-headed hydra
 13777 | D:11     | Noticed Josephine
 13788 | D:11     | Killed Josephine
 13794 | D:11     | Reached skill level 13 in Bows
 13801 | D:11     | Received a gift from Trog
 14198 | D:11     | Noticed a white ugly thing
 14199 | D:11     | Noticed a hill giant
 14270 | D:11     | Killed a white ugly thing
 14365 | D:11     | Killed a hill giant
 14365 | D:11     | Reached skill level 14 in Bows
 14369 | D:11     | Noticed Azzok's ghost (journeyman CeFi)
 14742 | D:11     | Noticed Fannar
 14752 | D:11     | Killed Fannar
 14845 | D:11     | Reached skill level 15 in Bows
 14860 | D:11     | Noticed Harold
 14868 | D:10     | Entered Level 10 of the Dungeon
 14877 | D:10     | Found Vasi's Food Shoppe.
 15599 | D:10     | Found a staircase to the Lair.
 15856 | D:10     | Reached skill level 16 in Bows
 15933 | D:10     | Received a gift from Trog
 15955 | D:10     | Reached XP level 12. HP: 84/117 MP: 12/12
 16653 | D:11     | Reached skill level 17 in Bows
 16678 | D:11     | Noticed a death knight
 16700 | D:11     | Killed a death knight
 17045 | D:11     | Mangled by a phantasmal warrior

Skill      XL: |  1  2  3  4  5  6  7  8  9 10 11 12 |
---------------+-------------------------------------+-----
Fighting       | 4 5 7 8 9 11 12 14 | 14.0
Bows           | 2 5 8 11 16 17 | 17.6
Polearms       | |  2.6
Armour         | |  1.3
Dodging        | |  1.3

Action                   |  1- 3 |  4- 6 |  7- 9 | 10-12 || total
-------------------------+-------+-------+-------+-------++-------
Melee: Spear             |   131 |   183 |    93 |   135 ||   542
       Kick              |    24 |    45 |   125 |    72 ||   266
       Trident           |       |       |   316 |   115 ||   431
       Dagger            |       |       |       |    10 ||    10
       Longbow           |       |       |       |     2 ||     2
 Fire: Longbow           |       |       |       |   262 ||   262
Invok: Berserk           |     1 |     7 |    16 |    10 ||    34
       Trog's Hand       |       |       |       |     1 ||     1
Evoke: Wand              |       |       |       |     2 ||     2
  Use: Scroll            |       |       |     5 |    10 ||    15
  Eat: Chunk             |     2 |    12 |    17 |    12 ||    43
       Bread ration      |       |       |     3 |     4 ||     7
       Pizza             |       |       |     1 |     1 ||     2
Armor: Animal skin       |    15 |       |       |       ||    15
       Leather armour    |    26 |    27 |       |       ||    53
       Chain mail        |       |    32 |    81 |       ||   113
       Scale mail        |       |     3 |       |       ||     3
       Plate armour      |       |       |   193 |   188 ||   381
Dodge: Dodged            |    53 |    59 |   101 |    52 ||   265
